 Seeded DCSS version 0.30.1-9-gdf580d7c3d (webtiles) character file.

Game seed: 9106806156630997546 (custom seed)

94065 Psyclone the Destroyer (level 15, 0/109 HPs)
             Began as a Deep Elf Conjurer on Oct 8, 2023.
             Was an Initiate of Gozag.
             Killed by Lee's Rapid Deconstruction
             ... invoked by a deep troll earth mage
              (33 damage)
             ... on level 14 of the Dungeon.
             The game lasted 03:27:19 (46479 turns).

Psyclone the Destroyer (Deep Elf Conjurer)         Turns: 46479, Time: 03:27:20

Health: 0/109      AC: 35    Str:  4    XL:     15   Next: 62%
Magic:  14/42      EV: 15    Int: 35    God:    Gozag
Gold:   231        SH: 17    Dex: 17    Spells: 6/38 levels left

rFire   + + .        a - +9 mace of World Downfall {flame, Will+ SInv}
rCold   + . .        J - +0 kite shield
rNeg    + + .        W - melded +0 robe {rC+ rF+}
rPois   ∞            O - +2 helmet
rElec   +            o - +2 cloak {rCorr}
rCorr   +            V - melded +2 pair of gloves of Pasuy {rN+++ Int+4 Slay-2 Stlth-}
SInv    +            C - melded +2 pair of boots
Will    ++...        I - amulet of Luotuh {Reflect Int+2 Dex+4 SH+5 SInv Stlth-}
Stlth   +            H - ring of Foolhardiness {Contam rPois rF++ rC+ Int+2}
HPRegen 0.38/turn    w - ring of Wuestras {Wiz rN+ MP+9}
MPRegen 0.28/turn

%: reflection, wizardry (x1)
@: statue-form, slightly contaminated, studying Throwing, very slow
A: slow and powerful, torment resistance 1, boosted hp
a: End Transformation, Renounce Religion, Potion Petition, Call Merchant, Bribe
Branch


You were on level 14 of the Dungeon.
You worshipped Gozag.
Gozag was aware of your devotion.
You were a living statue of rough stone.
You visited 4 branches of the dungeon, and saw 22 of its levels.
You also visited: Sewer and Volcano.

You collected 9481 gold pieces.
You spent 4263 gold pieces at shops.
You paid 4987 gold pieces to Gozag.

Inventory:

Hand Weapons
 a - the +9 mace of World Downfall (weapon) {flame, Will+ SInv}
   (You took it off a goblin on level 4 of the Dungeon)

   SInv:      It lets you see invisible.
   Will:      It increases your willpower.
Armour
 o - a +2 cloak of preservation (worn)
 C - a +2 pair of boots (melded)
 J - a +0 kite shield (worn)
 O - a +2 helmet (worn)
 V - the +2 pair of gloves of Pasuy (melded) {rN+++ Int+4 Slay-2 Stlth-}
   (You found it in a volcano)

   Int:       It affects your intelligence (+4).
   Slay:      It affects your accuracy & damage with ranged weapons and melee
   (-2).
   rN:        It renders you almost immune to negative energy.
   Stlth:     It makes you less stealthy.
 W - a +0 robe of resistance (melded)
Jewellery
 q - a ring of flight
 r - the ring "Jufuduek" {Fire MP+9 Int+4}
   (You found it on level 12 of the Dungeon)

   [ring of fire]

   It enhances your fire magic.
   Int:       It affects your intelligence (+4).
   rF:        It protects you from fire.
   rC:        It makes you vulnerable to cold.
   MP:        It affects your magic capacity (+9).
 w - the ring of Wuestras (right fist) {Wiz rN+ MP+9}
   (You bought it in a shop on level 11 of the Dungeon)

   [ring of wizardry]

   It improves your spell success rate.
   rN:        It protects you from negative energy.
   MP:        It affects your magic capacity (+9).
 H - the ring of Foolhardiness (left fist) {Contam rPois rF++ rC+ Int+2}
   (You bought it in a shop on level 5 of the Dungeon)

   [ring of poison resistance]

   Int:       It affects your intelligence (+2).
   rF:        It greatly protects you from fire.
   rC:        It protects you from cold.
   rPois:     It protects you from poison.
   Contam:    It causes magical contamination when unequipped.
 I - the amulet of Luotuh (around neck) {Reflect Int+2 Dex+4 SH+5 SInv Stlth-}
   (You bought it in a shop on level 1 of the Dungeon)

   [amulet of reflection]

   It reflects blocked missile attacks.
   Int:       It affects your intelligence (+2).
   Dex:       It affects your dexterity (+4).
   SInv:      It lets you see invisible.
   SH:        It affects your SH (+5).
   Stlth:     It makes you less stealthy.
 P - the ring "Bitex" {rC+ rN++ rCorr}
   (You bought it in a shop on level 1 of the Dungeon)

   [ring of resist corrosion]

   rC:        It protects you from cold.
   rN:        It greatly protects you from negative energy.
   rCorr:     It protects you from acid and corrosion.
Wands
 t - a wand of paralysis (16)
 K - a wand of iceblast (7)
 L - a wand of acid (4)
 N - a wand of mindburst (6)
 U - a wand of polymorph (8)
 X - a wand of digging (5)
 Y - a wand of flame (3)
Scrolls
 c - a scroll of enchant weapon
 d - 4 scrolls of blinking
 f - a scroll of identify {@r1}
 j - 3 scrolls of amnesia {unknown}
 k - 3 scrolls of magic mapping
 n - 3 scrolls of enchant armour
 p - 8 scrolls of poison {unknown}
 x - 4 scrolls of fear {unknown}
 y - a scroll of noise
 z - 2 scrolls of fog {unknown}
 B - 5 scrolls of teleportation
 D - 5 scrolls of immolation {unknown}
Potions
 b - 3 potions of magic
 e - 13 potions of curing {unknown}
 g - 7 potions of brilliance {unknown}
 h - 2 potions of lignification {unknown}
 l - 4 potions of might {unknown}
 m - a potion of haste {unknown}
 v - 2 potions of attraction
 F - 6 potions of heal wounds
 G - 3 potions of mutation {unknown}
 Q - 2 potions of degeneration
 R - 2 potions of resistance
 Z - a potion of cancellation
Miscellaneous
 E - a box of beasts
 M - a condenser vane


   Skills:
 + Level 6.2 Fighting
 - Level 10.0 Dodging
 - Level 2.4 Stealth
 - Level 10.0 Shields
 + Level 12.0 Spellcasting
 - Level 13.5 Conjurations
 - Level 6.0 Translocations
 - Level 12.0 Transmutations
 - Level 4.2 Fire Magic
 + Level 9.2 Air Magic
 - Level 12.0 Earth Magic


You had 6 spell levels left.
You knew the following spells:

 Your Spells              Type           Power      Damage    Failure   Level
a - Magic Dart            Conj           100%       1d8       1%          1
b - Searing Ray           Conj           100%       2d8       1%          2
c - Fireball              Conj/Fire      35%        3d15      3%          5
d - Fulminant Prism       Conj/Hex       31%        3d16      3%          4
e - Iskenderun's Mystic   Conj/Tloc      74%        2d15      1%          4
f - Statue Form           Tmut/Erth      54%        N/A       6%          6
g - Arcjolt               Conj/Air       39%        1d49      1%          5
x - Irradiate             Conj/Tmut      42%        3d25      1%          5

Your spell library contained the following spells:

 Spells                   Type           Power      Damage    Failure   Level
 Apportation              Tloc           100%       N/A       1%          1
 Beastly Appendage        Tmut           100%       N/A       1%          1
 Foxfire                  Conj/Fire      100%       2x1d9     1%          1
 Momentum Strike          Conj/Tloc      100%       3d10      1%          2
 Scorch                   Fire           100%       2d9       1%          2
 Wereblood                Tmut           81%        N/A       1%          2
 Dazzling Flash           Conj/Hex       100%       N/A       1%          3
 Spider Form              Tmut/Pois      58%        N/A       1%          3
 Vhi's Electric Charge    Tloc/Air       100%       N/A       1%          3
 Volatile Blastmotes      Fire/Tloc      100%       2d18      1%          3
 Flame Wave               Conj/Fire      70%        2d16      1%          4
 Petrify                  Tmut/Erth      81%        N/A       1%          4
 Blade Hands              Tmut           40%        N/A       1%          5
 Lee's Rapid Deconstruct  Erth           40%        3d20*     1%          5
 Necrotise                Necr           84%        1d8       4%          1
 Portal Projectile        Hex/Tloc       84%        N/A       4%          3
 Ice Form                 Ice/Tmut       58%        N/A       4%          4
 Leda's Liquefaction      Hex/Erth       29%        N/A       4%          4
 Freezing Cloud           Conj/Ice/Air   32%        6-21      6%          5
 Sublimation of Blood     Necr           21%        N/A       8%          2
 Alistair's Intoxication  Tmut/Pois      38%        N/A       12%         5
 Frozen Ramparts          Ice            42%        1d7       16%         3
 Ozocubu's Armour         Ice            21%        N/A       16%         3
 Tukima's Dance           Hex            21%        N/A       16%         3
 Vampiric Draining        Necr           21%        2d7       16%         3
 Starburst                Conj/Fire      35%        6d10      19%         6
 Silence                  Hex/Air        26%        N/A       21%         5
 Plasma Beam              Fire/Air       31%        2x1d48    41%         6
 Summon Ice Beast         Ice/Summ       21%        N/A       43%         4
 Agony                    Necr           21%        N/A       77%         5
 Metabolic Englaciation   Hex/Ice        10%        N/A       77%         5
 Summon Cactus Giant      Summ           10%        N/A       99%         6
 Maxwell's Capacitive Co  Air            36%        ∞         99%         8
 Ozocubu's Refrigeration  Ice            10%        4d9       100%        7
 Chain Lightning          Conj/Air       39%        3d52      100%        9
 Simulacrum               Ice/Necr       Unusable   N/A       N/A         6

Dungeon Overview and Level Annotations

Branches:
Dungeon (14/15) Zot: 16669  Temple (1/1) D:5 Zot: 5971    Lair (5/5) D:9 Zot: 18502
 Shoals (0/4) Lair:3       Spider (0/4) Lair:2        Slime (0/5) Lair:4
    Orc (2/2) D:11 Zot: 6479     Elf (0/3) Orc:2        Vaults (0/5) D:14
  Sewer (visited)         Volcano (visited)

Altars:
Cheibriados
Dithmenos
Elyvilon
Fedhas
Gozag
Hepliaklqana
Kikubaaqudgha
Makhleb
Nemelex Xobeh
Okawaru
Qazlal
Ru
Sif Muna
Trog
Uskayaw
Vehumet
Xom
Yredelemnul

Shops:
D:1 =   D:4 [   D:5 =   D:11 =[:[   Orc:1 (   Orc:2 (([(

Portals:
Hell: Lair:5


Message History

A storm dragon comes into view.
The yaktaur captain shoots a bolt.
The bolt hits you!
You take 6 damage, and have 76/109 hp.
You now have 17/42 mp.
The boulder beetle leaps!
The deep troll earth mage casts a spell at you.
You shatter!!
You hear a deafening roar!
You hear a shout!
You take 17 damage, and have 59/109 hp.
A basilisk comes into view.
The basilisk hisses angrily.
The deep troll earth mage misses you.
You block the deep troll earth mage's attack.
The deep troll earth mage closely misses you.
The yaktaur captain shoots a bolt.
You block the bolt with an invisible shield... and reflect it back!
The bolt hits the yaktaur captain!!
The deep troll earth mage bites you!
The deep troll earth mage barely misses you.
The deep troll earth mage closely misses you.
The yaktaur captain shoots a bolt.
The bolt closely misses you.
The basilisk moves out of view.
You take 16 damage, and have 43/109 hp.
Casting: Irradiate (mildly dangerous; 1% risk of failure)
Confirm with . or Enter, or press ? or * to list all spells.
You erupt in a fountain of uncontrolled magic!
The deep troll earth mage is blasted with magical radiation!
The deep troll earth mage is heavily wounded.
You are lightly contaminated with residual magic.
The deep troll earth mage bites you!
The deep troll earth mage completely misses you.
You block the deep troll earth mage's attack.
The yaktaur captain shoots a bolt.
The bolt hits you but does no damage.
You take 7 damage, and have 36/109 hp.
You now have 13/42 mp.
The deep troll earth mage attacks as you move away!
The deep troll earth mage bites you but does no damage.
The deep troll earth mage barely misses you.
The deep troll earth mage claws you.
The deep troll earth mage gestures at you while chanting.
You shatter!!
You die...
Your body crumbles into a pile of gold.

.....#####.#.....##.....########.
...........#.....#...............
...........#.....'..####.........
........#+##.....'..#.......<..##
........#........#..#.>........#.
........#.....####..#......#'###.
........#.....#.....##'#####.....
........#'#####..................
..........$.....8.B..............
.#####.................#####.....
.#8,$###......T......###,,8#.....
.#,,,*,###.........###,*,,,#.....
.#,,,,,+,###.....###,+,,,,$#.....
.##*,,,*,+,###c###,+,*,,,*##.....
..#,,,,,,*,+,#D#,+,*,,,,,,#......
..##+*,,,*,#.'l'.#,*,,,*+##......
...#,,,,,,,#...#.#,,,,,,,#.......


You could see a storm dragon, a yaktaur captain, a boulder beetle, a deep troll
earth mage and a basilisk.

Vanquished Creatures
  A frost giant (D:14)
  A stone giant (Volcano)
  An orc warlord (Orc:2)
  A fire dragon (D:14)
  An ettin (D:14)
  Harold (Orc:1)
  The ghost of arthad the Slicer, a journeyman KoBe of Trog (D:12)
  7 hydras
  A catoblepas (D:10)
  Erica (Lair:1)
  Fannar (Lair:1)
  A death knight (D:14)
  8 centaur warriors
  3 boulder beetles (D:10)
  3 death yaks (Lair:4)
  4 two-headed ogres
  4 tengu warriors
  2 orc high priests (Orc:2)
  Sonja (Lair:4)
  A sun demon (Lair:5)
  Nergalle (Orc:1)
  A skyshark (shapeshifter) (D:13)
  3 skysharks
  An orb spider (Lair:2)
  2 phantasmal warriors (D:14)
  5 deep elf pyromancers
  3 orc knights
  8 ugly things
  2 cyclopes (D:14)
  11 elephants
  2 molten gargoyles (Volcano)
  2 ice statues
  6 black mambas
  3 orange demons (Lair:5)
  11 rime drakes
  A cane toad (shapeshifter) (D:8)
  8 cane toads
  3 gargoyles
  An unseen horror (D:12)
  4 efreet
  3 freezing wraiths
  8 komodo dragons
  A red devil (Lair:5)
  5 polar bears
  A meliai (D:14)
  7 trolls
  4 ice devils
  A hellwing (Lair:5)
  A hornet (D:14)
  A wind drake (shapeshifter) (D:10)
  Prince Ribbit (D:9)
  8 blink frogs
  7 dream sheep
  3 slime creatures
  Sigmund (D:3)
  7 centaur simulacra
  7 wraiths
  The ghost of rowski the Sneak, an amateur SpBr of Qazlal (D:4)
  2 shadows
  2 fire bats (Volcano)
  2 vampires
  5 wyverns
  A fire elemental (Volcano)
  42 yaks
  3 steam dragons
  Grum (Lair:1)
  5 basilisks
  20 vampire mosquitoes
  16 water moccasins
  5 wargs
  3 acid dragons
  An acid dragon (shapeshifter) (D:10)
  3 hell hounds (Lair:5)
  7 ice beasts (Lair:3)
  A black bear (D:7)
  32 orc warriors
  3 sky beasts (D:7)
  5 centaurs
  7 wolves
  2 boggarts (D:10)
  6 ogres
  A phantom (D:5)
  9 kobold brigands
  12 bullfrogs
  2 gnoll sergeants
  4 scorpions
  An earth elemental (Volcano)
  2 jellies
  16 wights
  11 killer bees
  An electric eel (Lair:4)
  5 howler monkeys
  3 lava snakes (Volcano)
  32 orc priests
  2 gnoll boudas
  2 hounds (D:7)
  Crazy Yiuf (D:2)
  A sleepcap (D:6)
  Jessica (D:2)
  Natasha (thrice) (D:3)
  3 iguanas
  36 orc wizards
  A mummy (D:5)
  Robin (D:2)
  9 adders
  23 gnolls
  5 river rats
  5 white imps
  A worm (D:2)
  2 dart slugs
  97 orcs
  10 ball pythons
  5 bats
  5 endoplasms
  4 giant cockroaches
  22 goblins
  2 hobgoblins
  5 jackals
  30 kobolds
  A quokka (D:4)
  3 training dummies (Orc:1)
  5 frilled lizards
  7 rats
754 creatures vanquished.

Vanquished Creatures (others)
  A wizard (Lair:5)
  A deep elf pyromancer (D:10)
  A centaur simulacrum (D:14)
  A kobold brigand (D:10)
  113 fulminant prisms
117 creatures vanquished.

Grand Total: 871 creatures vanquished

Notes
Turn   | Place    | Note
-------+----------+-------------------------------------------
     0 | D:1      | Psyclone the Deep Elf Conjurer began the quest for the Orb.
     0 | D:1      | Reached XP level 1. HP: 10/10 MP: 6/6
   312 | D:1      | Reached XP level 2. HP: 15/15 MP: 4/8
   347 | D:1      | Found Cetaas's Jewellery Emporium.
   562 | D:1      | Reached skill level 5 in Conjurations
   702 | D:2      | Found a stormy altar of Qazlal.
   778 | D:2      | Learned a level 2 spell: Searing Ray
  1127 | D:2      | Reached XP level 3. HP: 19/19 MP: 4/9
  1148 | D:2      | Noticed Robin
  1151 | D:2      | Killed Robin
  1507 | D:2      | Noticed Jessica
  1510 | D:2      | Killed Jessica
  1511 | D:2      | Reached skill level 6 in Conjurations
  1511 | D:2      | Reached XP level 4. HP: 24/24 MP: 6/10
  1672 | D:3      | Noticed Natasha
  1677 | D:3      | Killed Natasha
  1745 | D:3      | Noticed Sigmund
  1754 | D:3      | Killed Sigmund
  1755 | D:3      | Reached skill level 8 in Conjurations
  1755 | D:3      | Reached XP level 5. HP: 19/28 MP: 2/11
  2040 | D:3      | Reached XP level 6. HP: 27/32 MP: 7/12
  2173 | D:5      | Entered Level 5 of the Dungeon
  2228 | D:5      | Noticed a yak
  2228 | D:5      | Noticed a yak
  2228 | D:5      | Noticed a yak
  2228 | D:5      | Noticed a yak
  2228 | D:5      | Noticed a yak
  2242 | D:4      | Found Haiphupu's Antique Armour Emporium.
  2346 | D:5      | Learned a level 4 spell: Fulminant Prism
  2408 | D:4      | Found a runed translucent door.
  2414 | D:4      | Noticed rowski's ghost (amateur SpBr)
  2453 | D:4      | Identified the +9 mace of World Downfall {flame, Will+
                  | SInv}
  2459 | D:4      | Reached skill level 9 in Conjurations
  2524 | D:5      | Found a staircase to the Ecumenical Temple.
  2534 | Temple   | Entered the Ecumenical Temple
  2548 | Temple   | Became a worshipper of Gozag Ym Sagoz the Greedy
  2605 | D:5      | Found a glowing drain.
  2631 | Sewer    | Entered a sewer
  2749 | Sewer    | Reached XP level 7. HP: 33/36 MP: 1/13
  3010 | Sewer    | Reached skill level 13 in Conjurations
  3010 | Sewer    | Reached XP level 8. HP: 38/38 MP: 13/25
  3023 | Sewer    | Learned a level 4 spell: Iskenderun's Mystic Blast
  3264 | Sewer    | Reached skill level 1 in Translocations
  4473 | D:5      | Reached XP level 9. HP: 40/45 MP: 5/26
  4806 | D:5      | Found a snail-covered altar of Cheibriados.
  5078 | D:6      | Reached skill level 5 in Translocations
  5377 | D:5      | Reached XP level 10. HP: 27/57 MP: 3/27
  6392 | D:7      | Learned a level 5 spell: Fireball
  6474 | D:7      | Reached skill level 5 in Fighting
  6771 | D:7      | Reached skill level 1 in Fire Magic
  6826 | D:7      | Identified a scroll of acquirement
  6826 | D:7      | Acquired 882 gold pieces
  6891 | D:5      | Bought the ring of Foolhardiness {Contam rPois rF++ rC+
                  | Int+2} for 701 gold pieces
  6963 | D:1      | Bought the amulet of Luotuh {Reflect Int+2 Dex+4 SH+5 SInv
                  | Stlth-} for 524 gold pieces
  7059 | D:2      | Found a runed translucent door.
  7060 | D:2      | Noticed Crazy Yiuf
  7065 | D:2      | Killed Crazy Yiuf
  7197 | D:7      | Found a white marble altar of Elyvilon.
  7928 | D:8      | Found a blossoming altar of Fedhas.
  7956 | D:8      | Noticed a cane toad
  7965 | D:8      | Killed a cane toad
  8175 | D:8      | Found an ancient bone altar of Kikubaaqudgha.
  8182 | D:8      | Found a radiant altar of Vehumet.
  9168 | D:9      | Noticed Prince Ribbit
  9175 | D:9      | Killed Prince Ribbit
  9575 | D:9      | Reached skill level 5 in Dodging
  9575 | D:9      | Reached XP level 11. HP: 63/64 MP: 20/28
  9823 | D:9      | Identified the +2 robe of Liozacus {rPois rN+++ rCorr MP-9}
  9879 | D:9      | Found a sparkling altar of Nemelex Xobeh.
  9901 | D:9      | Found a staircase to the Lair.
 10304 | D:1      | Bought the ring "Bitex" {rC+ rN++ rCorr} for 445 gold
                  | pieces
 11419 | D:4      | Bought a runed scarf for 136 gold pieces
 11419 | D:4      | Bought a pair of glowing boots for 127 gold pieces
 11588 | D:3      | Noticed Natasha
 11592 | D:3      | Killed Natasha
 11594 | D:3      | Noticed Natasha
 11600 | D:3      | Killed Natasha
 12328 | D:4      | Killed rowski's ghost
 12329 | D:4      | Reached skill level 1 in Shields
 15339 | D:10     | Entered Level 10 of the Dungeon
 17211 | D:11     | Noticed a green ugly thing
 17234 | D:11     | Killed a green ugly thing
 17324 | D:11     | Found a staircase to the Orcish Mines.
 17561 | D:11     | Noticed a tengu warrior
 17587 | D:11     | Killed a tengu warrior
 17695 | D:11     | Reached skill level 5 in Shields
 18369 | D:12     | Found a runed translucent gate.
 18369 | D:12     | Found a runed translucent gate.
 18369 | D:12     | Found a runed translucent gate.
 18375 | D:12     | Noticed a deep elf pyromancer
 18436 | D:12     | Killed a deep elf pyromancer
 18746 | D:12     | Found the +10 morningstar "Eos" {elec, Halo rElec}
 18752 | D:12     | You fall into a shaft and drop 2 floors!
 18820 | D:14     | Noticed a fire dragon
 18820 | D:14     | Noticed an ettin
 18831 | D:14     | Noticed a deep elf pyromancer
 18831 | D:14     | Noticed a brown ugly thing
 18961 | D:14     | Noticed a tengu warrior
 18983 | D:14     | Killed a tengu warrior
 19159 | D:14     | Killed a deep elf pyromancer
 19178 | D:13     | Noticed a harpy
 19292 | D:13     | Noticed a centaur warrior
 19308 | D:13     | Killed a centaur warrior
 19541 | D:13     | Reached XP level 12. HP: 70/70 MP: 17/29
 20182 | D:12     | Got the Omnibus of Battling
 20536 | D:12     | Noticed arthad's ghost (journeyman KoBe)
 20633 | Orc:1    | Entered Level 1 of the Orcish Mines
 20633 | Orc:1    | Noticed Harold
 20637 | Orc:1    | Noticed a two-headed ogre
 20640 | Orc:1    | Killed Harold
 21091 | Orc:1    | Killed a two-headed ogre
 21251 | Orc:1    | Noticed Nergalle
 21258 | Orc:1    | Killed Nergalle
 21259 | Orc:1    | Reached skill level 10 in Shields
 21451 | Orc:1    | Learned a level 6 spell: Statue Form
 21555 | Orc:2    | Entered Level 2 of the Orcish Mines
 21730 | Orc:1    | Reached skill level 1 in Transmutations
 21730 | Orc:1    | Reached skill level 1 in Earth Magic
 22550 | Orc:1    | Found Mibifi Iren's Firing Range.
 23155 | Orc:2    | Found Qarrirofa's Weapon Shoppe.
 23693 | Orc:2    | Found a staircase to the Elven Halls.
 23695 | Orc:2    | Found Quaddake's Weapon Boutique.
 24863 | Orc:2    | Noticed an orc warlord
 25119 | Orc:2    | Killed an orc warlord
 25422 | Orc:2    | Noticed an orc high priest
 25431 | Orc:2    | Killed an orc high priest
 25569 | Orc:2    | Reached skill level 5 in Transmutations
 25569 | Orc:2    | Reached skill level 5 in Earth Magic
 25583 | Orc:2    | Found Wozizeph's Antique Armour Shoppe.
 25587 | Orc:2    | Found Peoch's Antique Weapon Emporium.
 25685 | Orc:2    | Bought a translucent leather armour for 154 gold pieces
 25685 | Orc:2    | Identified the +1 leather armour of Ycsuogro {Drain Dex+4}
                  | (You bought it in a shop on level 2 of the Orcish Mines)
 25772 | D:11     | Bought the ring of Wuestras {Wiz rN+ MP+9} for 781 gold
                  | pieces
 25851 | Orc:2    | Reached XP level 13. HP: 74/74 MP: 25/30
 26648 | D:11     | Bought a heavily jewelled robe for 188 gold pieces
 26648 | D:11     | Identified the +1 robe "Honyuch" {Regen+ Str+8 Dex-3} (You
                  | bought it in a shop on level 11 of the Dungeon)
 26661 | D:11     | Bought an embroidered robe for 122 gold pieces
 26776 | Lair:1   | Entered Level 1 of the Lair of Beasts
 26947 | Lair:1   | Found a dark tunnel.
 26963 | Lair:1   | Noticed Erica
 26976 | Lair:1   | Killed Erica
 27057 | Volcano  | Entered a volcano
 27202 | Volcano  | Found a bloodstained altar of Trog.
 27222 | Volcano  | Noticed a stone giant
 27235 | Volcano  | Killed a stone giant
 27497 | Volcano  | Identified the +2 pair of gloves of Pasuy {rN+++ Int+4
                  | Slay-2 Stlth-}
 27869 | Lair:1   | You fall into a shaft and drop 1 floor!
 28161 | Lair:2   | Found a hole to the Spider Nest.
 28894 | Lair:2   | Learned a level 5 spell: Irradiate
 28911 | Lair:2   | Reached skill level 10 in Dodging
 30254 | Lair:1   | Noticed Grum
 30263 | Lair:1   | Killed Grum
 30443 | Lair:1   | Noticed Fannar
 30458 | Lair:1   | Killed Fannar
 31970 | Lair:3   | Found a staircase to the Shoals.
 32665 | Lair:3   | Identified the ring of Foattyol {Fire Will+ Str-4 SInv}
 33508 | Lair:4   | Reached XP level 14. HP: 76/80 MP: 8/31
 34999 | Lair:4   | Noticed Sonja
 35009 | Lair:4   | Killed Sonja
 35307 | Lair:4   | Found a staircase to the Slime Pits.
 35534 | Lair:5   | Entered Level 5 of the Lair of Beasts
 36364 | D:11     | Bought Maxwell's Memoranda for 494 gold pieces
 36370 | D:11     | Learned a level 5 spell: Arcjolt
 36549 | Lair:5   | Reached skill level 10 in Transmutations
 36549 | Lair:5   | Reached skill level 10 in Earth Magic
 38496 | Lair:5   | Found a burning altar of Makhleb.
 38506 | Lair:5   | Found a gateway to Hell.
 39593 | D:10     | Identified the +10 shortbow "Colidy" {flame, rElec}
 39609 | D:10     | Reached skill level 1 in Air Magic
 39623 | D:10     | Reached XP level 15. HP: 84/84 MP: 6/32
 39636 | D:10     | Got the Anthology of the Unstoppable Beggars
 40455 | D:10     | Identified the +0 hand axe of Charity {venom, rC- Str+3
                  | Int+3 Dex+3}
 40618 | D:10     | Found a runed translucent door.
 40621 | D:10     | Found a runed translucent door.
 40621 | D:10     | Found a runed translucent door.
 40941 | D:10     | Reached skill level 5 in Air Magic
 43345 | D:12     | Killed arthad's ghost
 43494 | D:12     | Got the ring "Jufuduek" {Fire MP+9 Int+4}
 43735 | D:11     | Bought a +2 cloak of preservation for 344 gold pieces
 45215 | D:14     | Identified the +7 dagger of the Middle {protect, Drain
                  | Str-5 Int+4 Stlth+}
 45500 | D:11     | Bought a pair of embroidered boots for 247 gold pieces
 45649 | D:14     | Found a gate to the Vaults.
 45710 | D:14     | Identified the +3 mace "Bets" {antimagic, rN+ Stlth+}
 46286 | D:14     | Noticed a frost giant
 46292 | D:14     | Killed a frost giant
 46475 | D:14     | Noticed a storm dragon
 46479 | D:14     | Killed from afar by a deep troll earth mage

Illustrated notes

Levels and vault maps discovered:
D:1:      onia_arrival_mini_spirals, layout_loops_ring, serial_shops, shop
D:2:      layout_rooms, basic_altar, reono_crystal_passage, minmay_tetromino_l2,
          uniq_robin, uniq_jessica, uniq_crazy_yiuf_cottage
D:3:      layout_loops_ring, uniq_sigmund, uniq_natasha
D:4:      layout_rooms, ebering_ghost_sewer_d, nicolae_take_the_stairs,
          grunt_ministairs_6, ebering_dispersal_statue_hall,
          minmay_ogre_servants
D:5:      nicolae_cairo_tiling_large, layout_basic, slow_altar_2,
          minmay_temple_entry_junction_2, portal_sewer_entry_b
D:6:      layout_cave_pools
D:7:      layout_basic, elyvilon_altar_3
D:8:      layout_basic, mainiacjoe_overflow_alcove_1,
          amethyst_overflow_temple_binary, serial_curves, eino_curves_04,
          eino_curves_03, eino_curves_02, eino_curves_02,
          chequers_serial_rivers_micro_a, minmay_misc_feat_doors
D:9:      layout_irregular_city, nemelex_altar_shiori, lair_entry_dummy,
          uniq_prince_ribbit1
D:10:     minmay_the_grid_triangle_9x9_recursive_2
          [minmay_the_grid_triangle_9x9_prize_center,
          minmay_the_grid_triangle_9x9_sparse_checkered,
          minmay_the_grid_triangle_9x9_zippers_vertical,
          minmay_the_grid_triangle_9x9_fully_insulated_deathbox], layout_basic,
          columned_hall_lemuel, minmay_evil_grid
D:11:     layout_rooms, david_orc_3
D:12:     layout_cave_pools, gammafunk_ghost_icy
D:13:     layout_small_grid, minivault_16
D:14:     nicolae_fronds_of_death, layout_irregular_city, david_vaults_4
Temple:   nicolae_temple_bog_church
Lair:1:   layout_small_grid, nicolae_volcano_entry_lava_flow,
          serial_bayou_crossing, lemuel_fruit_tree, uniq_grum, uniq_erica,
          uniq_fannar
Lair:2:   layout_cave_pods, nicolae_spider_entry_orb_guardian,
          grunt_megastairs_2, infiniplex_staircase_pool_2
Lair:3:   layout_layer_cave, shoals_dummy_entry, ice2_lemuel,
          infiniplex_staircase_pool
Lair:4:   layout_long_grid, dpeg_slime_entry_enclosed, serial_bayou_shore_a,
          lemuel_fruit_fields, uniq_sonja
Lair:5:   evil_forest, layout_regular_city
Orc:1:    layout_caves, nicolae_shop_firing_range, uniq_harold, uniq_nergalle
Orc:2:    grunt_orc_community_town_hall, layout_caves,
          grunt_orc_community_big_house_1, grunt_orc_community_big_house_1,
          grunt_orc_community_house_3, grunt_orc_community_house_2,
          grunt_orc_community_house_1, grunt_orc_community_house_1,
          grunt_orc_community_house_2, grunt_orc_community_house_3,
          minmay_orc_temple_c

Skill      XL: |  1  2  3  4  5  6  7  8  9 10 11 12 13 14 15 |
---------------+----------------------------------------------+-----
Conjurations   | 5 6 8 9 13 | 13.5
Spellcasting   | 11 12 | 12.0
Translocations | 4 6 |  6.0
Fighting       | 4 6 |  6.2
Fire Magic     | 4 |  4.2
Dodging        | 5 10 | 10.0
Shields        | 7 10 | 10.0
Transmutations | 5 8 12 | 12.0
Earth Magic    | 5 8 12 | 12.0
Air Magic      | 1 9 |  9.2
Stealth        | |  2.4

Action                     |  1- 3 |  4- 6 |  7- 9 | 10-12 | 13-15 || total
---------------------------+-------+-------+-------+-------+-------++-------
  Melee: Club              |       |     5 |       |       |       ||     5
         Mace              |       |    15 |    59 |    65 |   449 ||   588
   Cast: Magic Dart        |    66 |    24 |    44 |   174 |    95 ||   403
         Searing Ray       |     1 |    18 |    34 |   100 |    17 ||   170
         Fulminant Prism   |       |       |    10 |    54 |    50 ||   114
         Iskenderun's Myst |       |       |     4 |   158 |   335 ||   497
         Fireball          |       |       |       |       |    33 ||    33
         Irradiate         |       |       |       |       |    49 ||    49
         Statue Form       |       |       |       |       |    10 ||    10
 Invoke: Call Merchant     |       |       |       |     2 |     3 ||     5
    Use: Scroll            |       |     1 |       |     6 |    15 ||    22
         Potion            |       |       |     1 |     1 |     2 ||     4
   Stab: Sleeping          |       |       |     1 |     1 |       ||     2
 Armour: Robe              |     2 |     4 |     5 |    42 |    75 ||   128
         Skin              |       |       |       |       |    41 ||    41
  Dodge: Dodged            |     7 |    29 |    68 |   179 |   234 ||   517
  Block: Other             |       |       |       |    22 |       ||    22
         Reflection        |       |       |       |    35 |    43 ||    78
         Kite shield       |       |       |       |   198 |   425 ||   623
